 Dungeon Crawl Stone Soup version 0.21-a0-155-gb8a8bae (webtiles) character file.

7116 Nvm9 the Protected (level 10, 0/120 HPs)
             Began as a Demonspawn Fighter on June 24, 2017.
             Slain by a jackal (1 damage)
             ... on level 9 of the Dungeon on Aug 3, 2017.
             The game lasted 00:14:53 (10544 turns).

Nvm9 the Protected (Demonspawn Fighter)            Turns: 10544, Time: 00:14:54

Health: 0/120      AC: 25    Str: 20    XL:     10   Next: 85%
Magic:  10/10      EV:  2    Int: 10    God:
Gold:   475        SH: 11    Dex: 19    Spells: 9/9 levels left

rFire    . . .     SeeInvis .   D - +3 broad axe
rCold    . . .     Gourm    .   c - +0 shield
rNeg     + + +     Faith    .   (armour currently unavailable)
rPois    +         Spirit   .   (helmet currently unavailable)
rElec    .         Reflect  .   (cloak currently unavailable)
rCorr    .         Harm     .   (gloves currently unavailable)
MR       .....     NoTele   +   (boots currently unavailable)
Stlth    +++++.....             (no amulet)
HPRegen  0.30/turn              (no ring)
MPRegen  0.12/turn              (no ring)

@: agile, lethally poisoned (0 -> -1), tree-form (expiring), very slightly
contaminated, invisible
A: agile 1, nightstalker 2
a: no special abilities


You were on level 9 of the Dungeon.
You were near starving.
You were a tree.
You visited 2 branches of the dungeon, and saw 10 of its levels.

You collected 475 gold pieces.

Inventory:

Hand Weapons
 a - a +0 war axe
 D - a +3 broad axe (weapon)
Missiles
 r - 3 silver tomahawks (quivered)
Armour
 b - a +0 scale mail
 c - a +0 shield (worn)
 d - a +2 buckler
 e - a +0 pair of gloves
 m - a +0 pair of boots
 n - a +0 plate armour (melded)
 E - a +1 pair of gloves (melded)
Jewellery
 v - an uncursed ring of stealth {unknown}
 A - an uncursed amulet of faith {unknown}
Wands
 k - a wand of polymorph (10/24)
 l - a wand of polymorph (12/24)
 w - a wand of iceblast (5/15)
 x - a wand of lightning (4/15)
Scrolls
 h - 5 scrolls of remove curse
 i - 4 scrolls of amnesia
 o - 8 scrolls of identify
 y - a scroll of enchant armour
 B - a scroll of magic mapping
 H - 2 scrolls of recharging
Potions
 q - a potion of brilliance
 z - a potion of flight
 C - a potion of mutation
Books
 s - a book of Conjurations

   Spells                             Type                      Level
   a - Magic Dart                     Conjuration                  1
   b - Searing Ray                    Conjuration                  2
   c - Dazzling Spray                 Conjuration/Hexes            3
   d - Fulminant Prism                Conjuration/Hexes            4
   e - Force Lance                    Conjuration/Translocation    4
   f - Iskenderun's Mystic Blast      Conjuration                  4
Comestibles
 f - 2 bread rations
 g - 4 meat rations
 j - 10 royal jellies
 p - 17 fruits


   Skills:
 + Level 8.2 Fighting
 + Level 7.0 Axes
 * Level 10.3 Armour
 + Level 7.2 Shields


You had 9 spell levels left.
You didn't know any spells.

Dungeon Overview and Level Annotations

Branches:
Dungeon (9/15)             Temple (1/1) D:4             Orc (0/2) D:9
   Lair: D:8-11

Altars:
Ashenzari
Cheibriados
Dithmenos
Elyvilon
Fedhas
Gozag
Kikubaaqudgha
Makhleb
Nemelex Xobeh
Okawaru
Qazlal
Ru
Sif Muna
Trog
Uskayaw
Vehumet
Wu Jian
Xom
Yredelemnul
Zin
The Shining One

Shops:
D:4 *   D:6 !=[[


Innate Abilities, Weirdness & Mutations

((You have razor-sharp toenails.))
((You are partially covered in slimy green scales. (AC +2)))
You are significantly more attuned to the shadows.
You are agile. (Dex +2)
((You are covered in fur. (AC +1)))


Message History

You feel sick.
You cannot move.
You cannot move.
You cannot move.
Unknown command.
You cannot move.
You block the jackal's attack.
* * * LOW HITPOINT WARNING * * *
You feel sick. You block the jackal's attack.
Your transformation is almost over.
* * * LOW HITPOINT WARNING * * *
You feel sick.
The jackal bites you but does no damage. x2
You slash the jackal!
You kill the jackal!
You block the jackal's attack.
You barely miss the jackal.
* * * LOW HITPOINT WARNING * * *
You feel sick. The jackal bites you.
You die...

######.... #.#...$.8.
#.#....... #......... .# #
#..8)...>. 8.. #) ######
#....).... ..# ###.###
#'...####.#.o)..... #.....#
#.##...♣ho#h....8. #
##.....###.#######Z####....
# ...._......# ###'# ##.# #
#.....##### #..# #.#
#.....# #.## #.#######
###.### ###'#####........
#.# #.<.......##.....
##.#### #.........#......
#..##.# #.........#......


You could see an orc, a jackal and a wyvern skeleton (wandering).

Vanquished Creatures
  2 two-headed ogres
  Pikel (D:7)
  The ghost of WhatIsLove the Arsonist, a novice DEFE of Sif Muna (D:7)
  Psyche (D:8)
  A hornet (D:9)
  2 dream sheep (D:8)
  Sigmund (D:6)
  Grum (D:8)
  2 yaks (D:8)
  Menkaure (D:6)
  A black bear (D:7)
  3 ice beasts
  A slave (D:7)
  3 orc warriors
  2 ogres
  2 phantoms
  2 centaurs
  4 wolves
  Blork the orc (D:6)
  2 big kobolds (D:8)
  5 bullfrogs
  4 scorpions
  2 crimson imps
  3 howler monkeys
  6 hounds
  An orc priest (D:6)
  Natasha (thrice) (D:2)
  A bullfrog skeleton (D:7)
  A gnoll shaman (Temple)
  2 iguanas
  5 orc wizards
  3 worker ants
  2 hound zombies
  A hound skeleton (D:7)
  A worker ant zombie (D:5)
  16 gnolls
  5 adders
  3 shadow imps
  2 oozes
  2 adder zombies
  An adder skeleton (D:5)
  5 worms
  3 dart slugs
  4 leopard geckos
  23 orcs
  2 ball pythons
  8 giant cockroaches
  10 goblins
  9 hobgoblins
  11 jackals
  3 quokkas
  14 bats
  4 frilled lizards
  10 kobolds
  3 quokka skeletons
  11 rats
  A plant (D:8)
224 creatures vanquished.

Vanquished Creatures (others)
  2 slaves (D:7)
2 creatures vanquished.

Grand Total: 226 creatures vanquished

Notes
Turn   | Place    | Note
-------+----------+-------------------------------------------
     0 | D:1      | Nvm9 the Demonspawn Fighter began the quest for the Orb.
     0 | D:1      | Reached XP level 1. HP: 18/18 MP: 1/1
   174 | D:1      | Gained mutation: You have sharp toenails. [demonic ancestry]
   174 | D:1      | Reached XP level 2. HP: 14/24 MP: 2/2
   323 | D:1      | Reached skill level 3 in Armour
   575 | D:1      | Reached XP level 3. HP: 24/29 MP: 3/3
  1195 | D:2      | Noticed Natasha
  1207 | D:2      | Killed Natasha
  1207 | D:2      | Gained mutation: You have razor-sharp toenails. [demonic ancestry]
  1207 | D:2      | Reached XP level 4. HP: 10/35 MP: 4/4
  1239 | D:2      | Noticed Natasha
  1243 | D:2      | Killed Natasha
  1550 | D:2      | Found an ancient bone altar of Kikubaaqudgha.
  1691 | D:2      | Reached skill level 4 in Armour
  1867 | D:2      | Reached XP level 5. HP: 42/42 MP: 5/5
  2002 | D:2      | Noticed Natasha
  2011 | D:2      | Killed Natasha
  2065 | D:2      | Found a hide-covered altar of Uskayaw.
  2065 | D:2      | Found a deep blue altar of Sif Muna.
  2451 | D:3      | Gained mutation: You are slightly more attuned to the shadows. [demonic ancestry]
  2451 | D:3      | Reached XP level 6. HP: 48/48 MP: 6/6
  2479 | D:3      | Found a shattered altar of Ashenzari.
  3187 | D:4      | Found a staircase to the Ecumenical Temple.
  3199 | Temple   | Entered the Ecumenical Temple
  4126 | D:4      | Reached skill level 5 in Armour
  4318 | D:4      | Found Yskaf's Serpentskin Sales.
  4475 | D:5      | Entered Level 5 of the Dungeon
  4659 | D:5      | Gained mutation: You are significantly more attuned to the shadows. [demonic ancestry]
  4659 | D:5      | Reached XP level 7. HP: 45/55 MP: 7/7
  5599 | D:5      | Upgraded the game from 0.21-a0-82-gdb84782 to 0.21-a0-155-gb8a8bae
  5639 | D:5      | Reached skill level 5 in Fighting
  5702 | D:5      | Reached skill level 6 in Armour
  5715 | D:5      | Gained mutation: You are partially covered in slimy green scales. (AC +2) [demonic ancestry]
  5715 | D:5      | Reached XP level 8. HP: 22/62 MP: 8/8
  6252 | D:5      | Gained mutation: You are covered in fur. (AC +1) [potion of mutation]
  6252 | D:5      | Gained mutation: You are agile. (Dex +2) [potion of mutation]
  6442 | D:6      | Found Zifygi's Antique Armour Boutique.
  6443 | D:6      | Noticed Blork the orc
  6443 | D:6      | Noticed Menkaure
  6446 | D:6      | Found Ruowit's Jewellery Shop.
  6718 | D:6      | Killed Menkaure
  6722 | D:6      | Killed Blork the orc
  6790 | D:6      | Found Buecvah's Armour Boutique.
  6950 | D:6      | Found Hasag's Distillery.
  6953 | D:6      | Reached skill level 5 in Shields
  7050 | D:6      | Noticed Sigmund
  7058 | D:6      | Killed Sigmund
  7058 | D:6      | Reached skill level 7 in Armour
  7389 | D:7      | Noticed WhatIsLove's ghost (novice DEFE)
  7397 | D:7      | Killed WhatIsLove's ghost
  7397 | D:7      | Reached skill level 5 in Axes
  7397 | D:7      | Reached XP level 9. HP: 68/69 MP: 9/9
  7470 | D:7      | Noticed Pikel
  7488 | D:7      | Killed Pikel
  7488 | D:7      | Reached skill level 8 in Armour
  7769 | D:7      | Noticed a two-headed ogre
  7788 | D:7      | Killed a two-headed ogre
  8354 | D:8      | Found a snail-covered altar of Cheibriados.
  8357 | D:8      | Found a glowing silver altar of Zin.
  8359 | D:8      | Found a shimmering altar of Xom.
  8363 | D:8      | Found a faded altar of an unknown god.
  8367 | D:8      | Found an opulent altar of Gozag.
  8391 | D:8      | Noticed a two-headed ogre
  8405 | D:8      | Reached XP level 10. HP: 53/79 MP: 10/10
  8422 | D:8      | Reached skill level 9 in Armour
  8905 | D:8      | Noticed Grum
  9255 | D:8      | Killed Grum
  9492 | D:8      | Noticed a three-headed hydra
  9527 | D:8      | Noticed Psyche
  9537 | D:8      | Killed Psyche
 10186 | D:9      | Noticed a two-headed ogre
 10196 | D:9      | Killed a two-headed ogre
 10196 | D:9      | Reached skill level 10 in Armour
 10481 | D:9      | Found an iron altar of Okawaru.
 10506 | D:9      | Found a staircase to the Orcish Mines.
 10512 | D:9      | Paralysed by a hornet for 3 turns
 10519 | D:9      | Paralysed by a hornet for 1 turns
 10535 | D:9      | HP: 6/120 [hornet (5)]
 10539 | D:9      | HP: 2/120 [poisoned by a hornet]
 10544 | D:9      | HP: 1/120 [poisoned by a hornet]
 10544 | D:9      | Slain by a jackal

Vault maps used:
D:1:      minmay_arrival_doors
D:2:      kiku_gazebo_garden_becter, gammafunk_temple_overflow_pools,
          uniq_natasha
D:3:      marbit_many_paths, minmay_misc_feat_roman
D:4:      temple_green, corexii_checkpoint_a, guppyfry_shop_venom
D:5:      first_bread
D:6:      serial_shops, shop, nicolae_shop_trees, shop_coins,
          nicolae_shop_overgrown_old_shop, lemuel_statue_altar,
          uniq_blork_the_orc, uniq_sigmund, uniq_menkaure
D:7:      uniq_pikel
D:8:      chequers_temple_overflow_minitemple, hangedman_ranch, uniq_grum,
          uniq_psyche
D:9:      nicolae_overflow_crystal_walls, old_standard_altar, david_orc_2
Temple:   hc_temple_tempest_star

Skill      XL: |  1  2  3  4  5  6  7  8  9 10 |
---------------+-------------------------------+-----
Armour         | 3 4 5 6 7 8 10 | 10.3
Axes           | 2 3 4 5 6 7 |  7.0
Shields        | 3 4 5 6 7 |  7.2
Fighting       | 4 5 6 7 8 |  8.2

Action                   |  1- 3 |  4- 6 |  7- 9 | 10-12 || total
-------------------------+-------+-------+-------+-------++-------
Melee: War axe           |   106 |   257 |   133 |       ||   496
       Kick              |    20 |    57 |    75 |    45 ||   197
       Broad axe         |       |       |   173 |   133 ||   306
  Use: Scroll            |     2 |       |    11 |     2 ||    15
       Potion            |     1 |       |     9 |     4 ||    14
 Stab: Invisible         |       |       |       |     2 ||     2
  Eat: Chunk             |     1 |     7 |     5 |     4 ||    17
       Bread ration      |       |     1 |     2 |       ||     3
Armor: Scale mail        |    73 |    24 |       |       ||    97
       Plate armour      |       |   149 |   248 |   129 ||   526
       Skin              |       |       |       |    16 ||    16
Dodge: Dodged            |    41 |    52 |    53 |    45 ||   191
Block: Shield            |    60 |   180 |   209 |   113 ||   562
